AoeStats
← bathi90dn

Fortress

509303069Analyzed
4v4 RM · 7d ago on Sep 26, 2026· 39m 23s· 8 players
Game mode
Random Map
Map size
Huge
Population
200
Speed
Normal
Resources
Standard
Victory
Conquest
Starting age
Dark Age
Ending age
Imperial Age
RankedLock teamsTeams togetherTeam positionsShared explorationLock speedFull tech treeHidden civsTurbo modeCheats
Victory
Defeat
🇻🇳 Portuguese · Vietnam
1619
+13
🇻🇳 Poles · Vietnam
1584
+15
🇫🇷 Saxons · France
1559
+16
🇫🇷 Georgians · France
1478
+18
🇲🇽 Sicilians · Mexico
1572
-16
🇵🇰 Burmese · Pakistan
1562
-16
🇹🇷 Berbers · Türkiye
1548
-15
🇨🇿 Japanese · Czechia
1543
-15
ArNuL
7:32 Feudal Age
11:38 Castle Age
10:06 Horse Collar
10:40 Double-Bit Axe
12:42 Bow Saw
13:11 Heavy Plow
16:21 Loom
16:36 Gold Mining
19:09 Town Watch
20:04 Wheelbarrow
25:37 Imperial Age
23:07 Stone Mining
23:57 Scale Mail Armor
24:08 Forging
24:29 Hand Cart
25:15 Pikeman
25:57 Squires
25:42 Gambesons
26:14 Chain Mail Armor
26:35 Iron Casting
26:46 Gold Shaft Mining
26:48 Conscription
26:02 Halberdier
26:30 Elite Serjeant
29:50 Plate Mail Armor
30:21 Blast Furnace
30:55 Crop Rotation
31:39 Hoardings
PetersCZ
7:20 Feudal Age
11:39 Castle Age
10:35 Double-Bit Axe
12:41 Bow Saw
12:14 Horse Collar
13:15 Loom
14:34 Gold Mining
14:36 Town Watch
19:40 Wheelbarrow
19:19 Redemption
20:46 Sanctity
20:57 Hand Cart
22:21 Scale Mail Armor
22:31 Forging
22:45 Town Patrol
24:29 Gold Shaft Mining
28:13 Imperial Age
26:40 Atonement
26:51 Fervor
28:31 Fletching
28:58 Chain Mail Armor
29:19 Iron Casting
30:05 Chemistry
29:17 Masonry
30:38 Bodkin Arrow
32:28 Ballistics
33:13 Kataparuto
33:14 Conscription
35:06 Hoardings
34:55 Stone Mining
ValerioN__
7:16 Feudal Age
10:46 Castle Age
8:30 Horse Collar
9:03 Double-Bit Axe
12:10 Bow Saw
12:18 Heavy Plow
14:41 Loom
19:01 Wheelbarrow
20:07 Hand Cart
26:06 Imperial Age
24:28 Fletching
24:40 Padded Archer Armor
25:44 Bodkin Arrow
26:01 Bloodlines
25:52 Husbandry
26:00 Thumb Ring
27:00 Bracer
27:40 Maghrebi Camels
27:44 Kasbah
28:05 Conscription
27:45 Maghrebi Camels
28:38 Leather Archer Armor
28:50 Cavalier
29:36 Scale Barding Armor
29:42 Forging
30:41 Chain Barding Armor
32:58 Plate Barding Armor
33:00 Iron Casting
35:39 Light Cavalry
37:30 Blast Furnace
36:49 Hussar
Horizon
7:32 Feudal Age
8:09 Feudal Age
9:31 Horse Collar
9:40 Man-at-Arms
12:34 Castle Age
11:06 Gold Mining
11:39 Scale Mail Armor
13:21 Heavy Plow
13:00 Long Swordsman
13:42 Squires
18:05 Squires
18:53 Chain Mail Armor
22:18 Loom
24:35 Wheelbarrow
26:58 Stone Mining
27:19 Town Watch
31:10 Imperial Age
29:50 Husbandry
30:18 Padded Archer Armor
31:54 Bloodlines
32:18 Ballistics
31:29 Capped Ram
32:52 Parthian Tactics
33:27 Conscription
32:28 Elite Arambai
35:23 Hand Cart
38:45 Caravan
XbugX
7:43 Feudal Age
11:35 Castle Age
9:39 Double-Bit Axe
10:27 Horse Collar
12:58 Bow Saw
13:37 Heavy Plow
21:23 Scale Mail Armor
21:39 Scale Barding Armor
23:54 Gold Mining
25:12 Wheelbarrow
24:23 Town Watch
24:24 Loom
28:16 Imperial Age
27:09 Chain Barding Armor
27:32 Forging
28:22 Masonry
28:23 Fortified Wall
28:08 Murder Holes
29:05 Iron Casting
28:19 Elite Monaspa
29:21 Conscription
31:45 Plate Barding Armor
32:55 Blast Furnace
32:33 Aznauri Cavalry
33:53 Town Patrol
34:09 Hand Cart
34:18 Bloodlines
34:09 Husbandry
34:50 Fletching
35:57 Crop Rotation
35:21 Light Cavalry
36:50 Svan Towers
36:48 Treadmill Crane
38:02 Guard Tower
38:09 Bodkin Arrow
39:15 Chemistry
37:53 Elite Skirmisher
38:43 Bracer
39:46 Keep
Tifur
6:39 Feudal Age
10:52 Castle Age
9:27 Double-Bit Axe
9:32 Horse Collar
13:03 Bow Saw
16:00 Loom
16:06 Town Watch
19:00 Wheelbarrow
20:10 Scale Mail Armor
28:04 Imperial Age
26:00 Squires
26:51 Chain Mail Armor
27:35 Forging
27:46 Heavy Plow
28:06 Fortified Wall
27:51 Gold Mining
27:52 Stone Mining
29:08 Iron Casting
29:21 Plate Mail Armor
29:16 Conscription
30:56 Hand Cart
30:41 Fletching
31:31 Elite Hearth Troop
32:24 Bodkin Arrow
33:06 Bracer
33:35 Shield Wall
35:36 Ballistics
35:22 Siege Engineers
37:31 Two-Man Saw
37:36 Hoardings
39:48 Chemistry
ut nghiem tuc
7:41 Feudal Age
9:07 Loom
11:39 Castle Age
9:31 Double-Bit Axe
10:42 Gold Mining
10:36 Horse Collar
10:59 Loom
11:03 Town Watch
13:23 Bow Saw
13:49 Heavy Plow
17:15 Stone Mining
18:50 Wheelbarrow
19:03 Sanctity
21:15 Scale Mail Armor
24:55 Imperial Age
23:20 Fletching
24:02 Bodkin Arrow
24:38 Crossbowman
27:13 Chemistry
27:28 Bracer
26:49 Arbalester
29:13 Conscription
29:22 Padded Archer Armor
30:11 Ballistics
30:09 Leather Archer Armor
31:15 Thumb Ring
32:10 Forging
33:25 Guard Tower
35:02 Iron Casting
34:58 Crop Rotation
35:16 Keep
35:33 Town Patrol
37:59 Bombard Tower
38:42 Blast Furnace
38:21 Coinage
39:34 Hand Cart
bathi90dn
7:38 Feudal Age
8:56 Loom
11:19 Castle Age
9:42 Double-Bit Axe
10:36 Horse Collar
12:46 Wheelbarrow
12:37 Bow Saw
14:43 Forging
18:57 Heavy Plow
21:22 Gold Mining
27:11 Imperial Age
25:04 Ballistics
24:38 Fletching
25:30 Bodkin Arrow
25:36 Padded Archer Armor
26:06 Elite Skirmisher
26:52 Thumb Ring
27:07 Leather Archer Armor
29:09 Chemistry
28:41 Elite Organ Gun
29:31 Bracer
29:03 Pikeman
30:48 Scale Mail Armor
32:22 Ring Archer Armor
32:28 Iron Casting
32:08 Chain Mail Armor
32:07 Halberdier
33:42 Chain Mail Armor
33:33 Scale Barding Armor
35:23 Blast Furnace
38:27 Conscription
38:11 Arson
Connection lost

Rejoining the realm…

Still unreachable

The connection could not be restored.

Session expired

The server has moved on; the page needs a fresh start.